 Dungeon Crawl Stone Soup version 0.29-a0-653-gd47aff6735 (webtiles) character file.

Game seed: 8534074293005165807

210 Anon1729 the Sneak (level 5, -11/42 HPs)
             Began as a Naga Earth Elementalist on June 21, 2022.
             Mangled by Menkaure (22 damage)
             ... on level 4 of the Dungeon.
             The game lasted 00:04:48 (3098 turns).

Anon1729 the Sneak (Naga Earth Elementalist)        Turns: 3098, Time: 00:04:48

Health: -11/42     AC:  4    Str: 17    XL:     5   Next: 88%
Magic:  9/9        EV:  9    Int: 17    God:
Gold:   158        SH:  0    Dex: 11    Spells: 9/10 levels left

rFire   . . .      SeeInvis +   c - +0 dagger (venom)
rCold   + . .      Faith    .   (no shield)
rNeg    + . .      Spirit   .   z - +0 leather armour "Sedivo" {+Blink rC+}
rPois   +          Reflect  .   (no helmet)
rElec   .          Harm     .   n - +0 cloak
rCorr   .          Rampage  .   (no gloves)
Will    .....                   (no barding)
Stlth   ++........              j - amulet of magic regeneration
HPRegen 0.14/turn               t - +6 ring of strength
MPRegen 0.51/turn               u - ring of positive energy

@: very slow
A: AC +1, large, see invisible, deformed body, poison resistance, slowness 2,
spit poison 1, naga tail 1
a: Spit Poison, Evoke Blink


You were on level 4 of the Dungeon.
You visited 1 branch of the dungeon, and saw 4 of its levels.

You collected 158 gold pieces.

Inventory:

Hand Weapons
 c - a +0 dagger of venom (weapon)
 e - a +1 dagger of draining
Missiles
 i - 4 poisoned darts
Armour
 a - a +0 robe
 n - a +0 cloak (worn)
 z - the +0 leather armour "Sedivo" (worn) {+Blink rC+}
   (You took it off a hobgoblin on level 4 of the Dungeon)

   rC:        It protects you from cold.
   +Blink:    It lets you blink.
Jewellery
 j - an amulet of magic regeneration (around neck)
 t - a +6 ring of strength (left hand)
 u - a ring of positive energy (right hand)
Scrolls
 d - a scroll of silence {unknown}
 f - a scroll of fog {unknown}
 g - 5 scrolls of identify {unknown}
 k - a scroll of vulnerability {unknown}
 q - a scroll of teleportation {unknown}
 v - a scroll of blinking {unknown}
 y - a scroll of enchant armour {unknown}
Potions
 b - a potion of magic
 h - a potion of flight {unknown}
 l - a potion of brilliance {unknown}
 m - a potion of curing {unknown}
 o - a potion of lignification
 p - a potion of berserk rage {unknown}
 r - 2 potions of attraction
 s - a potion of invisibility {unknown}
 w - a potion of resistance {unknown}
 x - a potion of ambrosia {unknown}
 A - a potion of mutation {unknown}


   Skills:
 + Level 2.5 Dodging
 + Level 4.8 Stealth
 + Level 3.0 Spellcasting
 + Level 2.5 Transmutations
 + Level 3.8 Earth Magic


You had 9 spell levels left.
You knew the following spells:

 Your Spells              Type           Power      Damage    Failure   Level
a - Sandblast             Erth           30%        2d9       4%          1

Your spell library contained the following spells:

 Spells                   Type           Power      Damage    Failure   Level
 Passwall                 Tmut/Erth      10%        N/A       9%          2
 Stone Arrow              Conj/Erth      18%        3d8       28%         3
 Petrify                  Tmut/Erth      13%        N/A       50%         4
 Summon Lightning Spire   Summ/Air       2%         N/A       91%         4
 Storm Form               Tmut/Air       3%         N/A       100%        7
 Maxwell's Capacitive Co  Air            1%         ∞         100%        8


Dungeon Overview and Level Annotations

Branches:
Dungeon (4/15)
 Temple: D:4-7

Altars:
Xom

Shops:
D:2 (

Annotations:
D:4 Menkaure


Innate Abilities, Weirdness & Mutations

Your serpentine skin is tough. (AC +1)
You have supernaturally acute eyesight. (SInv)
Armour fits poorly on your strangely shaped body.
Your system is resistant to poisons. (rPois)
You cover ground very slowly.
You can spit poison.
You have a snake-like lower body.


Message History

The goblin shouts!
A goblin is nearby!
A goblin is nearby!
A goblin is nearby!
You miscast Sandblast.
You are very lightly contaminated with residual magic.
Nothing appears to happen.
You miscast Sandblast.
Nothing appears to happen.
The goblin barely misses you. The goblin hits you but does no damage.
The blast of sand hits the goblin!
You kill the goblin!
You can't see any susceptible monsters within range! (Use Z to cast anyway.)
Your magical contamination has completely faded away.
Menkaure is nearby!
Menkaure is nearby!
Menkaure shouts!
Menkaure casts a spell.
Menkaure seems to speed up.
The blast of sand hits Menkaure.
Menkaure is lightly damaged.
The blast of sand hits Menkaure but does no damage.
Menkaure is lightly damaged.
Menkaure hits you but does no damage.
The blast of sand hits Menkaure!
Menkaure is heavily damaged.
Menkaure hits you! Menkaure barely misses you.
Menkaure calls on the powers of darkness!
Your body is wracked with pain!
You are too injured to fight recklessly!
Aiming: Sandblast (safe; 4% risk of failure)
Press: ? - help, Q - select action, (/) - cycle Shift-Dir - straight line, f/p - Menkaure
Aim: Menkaure (heavily damaged, fast, 90% to hit)
The blast of sand hits Menkaure!
Menkaure is almost destroyed.
Menkaure calls on the powers of darkness!
Your body is wracked with pain!
* * * LOW HITPOINT WARNING * * *
Menkaure hits you!!
Ouch! That really hurt!
You die...

......#...............)...##
....####.........#........#
.....###..................#
............>##......#.#.##
..####.###...###..##.###.#
#[.##...##.........#..####
#.####...#............#
#..###.#..........#..##
#...##.###......@###..##
##......##......M......##
....................##..#
........................##
.........................#
.........................##
........###........#......#
..##..#.##.........####.#.####
....###..#.........######....##


You could see Menkaure (fast).

Vanquished Creatures
  A scorpion (D:4)
  A hound (D:3)
  4 adders
  2 worms (D:4)
  4 dart slugs
  3 orcs
  3 endoplasms
  3 giant cockroaches
  2 goblins
  7 hobgoblins
  6 jackals
  4 quokkas
  6 ball pythons
  6 bats
  4 frilled lizards
  5 kobolds (D:1)
  6 rats
67 creatures vanquished.

Notes
Turn   | Place    | Note
-------+----------+-------------------------------------------
     0 | D:1      | Anon1729 the Naga Earth Elementalist began the quest for
                  | the Orb.
     0 | D:1      | Reached XP level 1. HP: 15/15 MP: 3/3
   181 | D:1      | Reached XP level 2. HP: 22/22 MP: 3/5
   522 | D:1      | Reached XP level 3. HP: 25/28 MP: 1/6
  1068 | D:2      | Found a faded altar of an unknown god.
  1089 | D:2      | Found Guiharar's Weapon Shop.
  1174 | D:2      | Reached XP level 4. HP: 36/36 MP: 7/7
  1289 | D:2      | Reached skill level 4 in Stealth
  2191 | D:4      | Noticed Menkaure
  2193 | D:4      | Found a shimmering altar of Xom.
  2216 | D:3      | HP: 1/36 [hound (5)]
  2472 | D:4      | Reached XP level 5. HP: 42/42 MP: 9/9
  2754 | D:4      | Identified the +0 leather armour "Sedivo" {+Blink rC+}
  3098 | D:4      | Mangled by Menkaure

Illustrated notes

Levels and vault maps discovered:
D:1:      minmay_arrival_statue_studded, layout_loops_cross,
          kennysheep_nondescript, minmay_misc_feat_enclosed, minmay_box_of_dots
D:2:      layout_rooms, serial_shops, nicolae_shop_bloodbath_and_beyond,
          hellmonk_ecumenical_altar_crossroads
D:3:      layout_basic
D:4:      layout_cave_pools, old_standard_altar, makhleb_altar_promises_db,
          kennysheep_another_room, uniq_menkaure

Skill      XL: |  1  2  3  4  5 |
---------------+----------------+-----
Dodging        | 2 |  2.5
Stealth        | 4 |  4.8
Transmutations | 2 |  2.5
Spellcasting   | 3 |  3.0
Earth Magic    | |  3.8

Action                   |  1- 3 |  4- 6 || total
-------------------------+-------+-------++-------
Melee: Dagger            |    15 |    11 ||    26
 Cast: Sandblast         |    47 |    52 ||    99
 Abil: Spit Poison       |     1 |     2 ||     3
  Use: Potion            |       |     5 ||     5
Armor: Robe              |    11 |    12 ||    23
       Skin              |       |     8 ||     8
       Leather armour    |       |     3 ||     3
Dodge: Dodged            |    28 |    42 ||    70

Table legend: (Time is in decaauts)
 A = Elapsed time spent in this place.
 B = Non-inter-level travel time spent in this place.
 C = Inter-level travel time spent in this place.
 D = Time resting spent in this place.
 E = Time spent auto-exploring this place.
 F = Levels seen in this place.
 G = Mean time per level.
                   A        B        C        D        E       F      G
               +--------+--------+--------+--------+--------+-----+--------+
         Total |   4033 |   3804 |    229 |    244 |   2965 |   4 | 1008.2 |
       Dungeon |   4033 |   3804 |    229 |    244 |   2965 |   4 | 1008.2 |
               +--------+--------+--------+--------+--------+-----+--------+

Top non-repeatable levels by time:
     D:3: 1438 daAuts
     D:1: 1276 daAuts
     D:4: 858 daAuts
     D:2: 460 daAuts
